Unix NetHack Version 5.0.0-0 post-release - last build Jun 10 2026 00:39:30 (3ee93aec679c4c4259841fe613dc97188e26a321,branch:main).

Game began 2026-07-08 16:18:15, ended 2026-07-08 19:18:06.

DrabEmordnilap, neutral female human Healer

     ---- --
    --..--.---
    |........---                                                          -
     -.<)........`                                                        .
    |................|                                                    .-
    |.--.............|                                                  --.|
    |   .--....-- ...|                                                  |..|
        .|  .---   ---                                             ---- |.-
         |   |                                                    .....--.|
                                                                     -....--
                                                                     --....-
                                                                      --@|..|
                                                                       |.|-.-
                                                                       |.|  .
                                                                       -.|  -
                                                                        .|
                                                                        .-
                                                                        .
                                                                       ..
                                                                       .|
                                                                      --
DrabEmordnilap the Empiric   St:10 Dx:13 Co:17 In:9 Wi:14 Ch:18  Neutral
Dlvl:7  $:0  HP:0(41) Pw:35(35) AC:-2 Xp:5/307 T:4814 

Latest messages:
 Djames picks up an apple.
 You dig a pit in the floor.
 What do you want to use or apply? [cdgsvwzA or ?*] A
 In what direction do you want to dig? [78963>] >
 You start digging downward.
 "Be careful, madam, or you might fall through the floor."
 You dig a hole through the floor.
 Djombang grabs your backpack!
 You fall through...
 You escaped the shop without paying!
 You stole 120 zorkmids worth of merchandise.
 An alarm sounds!
 You hear the shrill sound of guards' whistles.
 The Keystone Kops are after you!
 You stop digging.
 Djombang zaps herself with an uncursed wand of speed monster!
 Djombang is suddenly moving faster.
 Djombang wields a long sword named Giantslayer!
 Djombang zaps a short wand!
 The wand misses you.
 You descend the stairs.
 Djombang zaps a short wand!
 The wand misses you.
 Djombang zaps a short wand!
 The wand misses you.
 Djombang zaps a short wand!
 The wand misses you.
 Djombang zaps a short wand!
 The wand misses you.
 The gnome lord misses!
 Djombang zaps a short wand!
 The wand misses you.
 Pick a monster, object or location.
 The gnome lord misses!
 Djombang swings her long sword named Giantslayer.
 Djombang hits!
 Djombang swings her long sword named Giantslayer.
 Djombang hits again!
 You climb up the stairs.
 Djombang swings her long sword named Giantslayer.
 Djombang hits!
 Djombang swings her long sword named Giantslayer.
 Djombang hits again!
 You die...
 Djombang takes all your possessions.
 Do you want to see what you had when you died? [ynq] (y) y
 Do you want to see your attributes? [ynq] (y) y
 Do you want an account of creatures vanquished? [ynaq] (y) y
 Do you want to see your conduct and achievements? [ynq] (y) y
 Do you want to see the dungeon overview? [ynq] (y) y

Inventory:
 Armor    ('[')
  n - a blessed +1 helmet (being worn)
  b - an uncursed +1 pair of leather gloves (being worn)
  e - an uncursed +0 pair of iron shoes (being worn)
  o - an uncursed +1 small shield (being worn)
  j - a blessed very rotted +0 dwarvish cloak (being worn)
  q - an uncursed +0 studded leather armor (being worn)
 Rings    ('=')
  m - an uncursed +1 ring of protection (on right hand)
  L - an uncursed ring of regeneration (on left hand)
 Tools    ('(')
  A - a +0 pick-axe (weapon in left hand)

DrabEmordnilap the Healer's attributes:

Background:
 You were an Empiric, a level 5 female human Healer.
 You were neutral, on a mission for Hermes
 who was opposed by Athena (lawful) and Poseidon (chaotic).
 You were left-handed.
 You were in the Gnomish Mines, on level 7.
 You entered the dungeon 4814 turns ago.
 You had 307 experience points, 13 more were needed to attain level 6.

Basics:
 You had 0 out of 41 hit points.
 You had all 35 energy points (spell power).
 Your armor class was -2.
 Your wallet was empty.
 Autopickup was off.

Final Characteristics:
 Your strength was 10 (limit:18/100).
 Your dexterity was 13 (limit:18).
 Your constitution was 17 (limit:18).
 Your intelligence was 9 (limit:18).
 Your wisdom was 14 (limit:18).
 Your charisma was 18 (limit:18).

Final Status:
 You weren't hungry.
 You were unencumbered.
 You were wielding a pick-axe.
 You had no skill with pick-axe.

Final Attributes:
 You were piously aligned.
 Your items were somewhat protected from fire.
 Your items were somewhat protected from cold.
 You were poison resistant.
 You regenerated.
 You had a small defense bonus (+1).
 You were guarded.
 You were unlucky.
 Hermes was angry with you.
 You are dead.

Miscellaneous:
 You encountered 2 bones levels.
 Total elapsed playing time was 1 hour, 20 minutes and 58 seconds.

Major events:
 Turn
    1: DrabEmordnilap the neutral female human Healer entered the dungeon
  616: entered the Gnomish Mines
 1800: reached Mine Town
 2698: attained the rank of Empiric (level 3)
 4289: was bestowed with Giantslayer by Hermes
 4802: stole 120 zorkmids worth of merchandise from Djombang's delicatessen
 4814: killed by Ms. Djombang; the shopkeeper

Spells:
 Name                 Level Category     Fail Retention
 healing                1   healing       31%   71%-80%
 extra healing          3   healing       47%   71%-80%
 stone to flesh         3   healing       65%   71%-80%

Skills:
 Fighting Skills
   bare handed combat [Unskilled]
 Weapon Skills
   dagger             [Unskilled]
   knife              [Basic]
   short sword        [Unskilled]
   long sword         [Unskilled]
   saber              [Unskilled]
   club               [Unskilled]
   mace               [Unskilled]
   quarterstaff       [Unskilled]
   polearms           [Unskilled]
   spear              [Basic]
   trident            [Unskilled]
   sling              [Unskilled]
   dart               [Unskilled]
   shuriken           [Unskilled]
   unicorn horn       [Unskilled]
 Spellcasting Skills
   healing spells     [Basic]

Voluntary challenges:
 Character rerolling was not enabled.
 You never genocided any monsters.
 You never polymorphed an object.
 You never changed form.
 You used no wishes.
Achievements:
 You entered the Gnomish Mines.
 You entered Minetown.
 You entered a shop.
 You entered a temple.
 You attained the rank of Empiric.

 The Dungeons of Doom: levels 1 to 4
    Level 1:
       A fountain, a grave.
    Level 2:
       Some fountains.
    Level 3:
       An altar to Hermes, a fountain.
       Stairs down to The Gnomish Mines.
    Level 4:
       Final resting place for
          ptaff-Rog-Hum-Mal-Cha, killed by a dwarf zombie, while fainted from lack of food.
 The Gnomish Mines: levels 4 to 8
    Level 4:
    Level 5:
    Level 6:
       Many shops, a temple and an altar to Hermes, some fountains.
       Final resting place for
          irollones-Arc-Hum-Mal-Law, killed by a rope golem.
    Level 7: <- You were here.
       Final resting place for
          you, killed by Ms. Djombang; the shopkeeper.
    Level 8:


Vanquished creatures:
  a ghost
  a small mimic
  3 watchmen
  4 leprechauns
  a jaguar
 an ape
  a rope golem
 an imp
  a rock mole
  a fog cloud
  a yellow light
  3 gnome leaders
  a gnomish wizard
  4 dwarves
  a kobold shaman
  3 rothes
  2 centipedes
  3 acid blobs
  a hobbit
  a large kobold
  6 giant rats
  2 cave spiders
  a green mold
  a red mold
 19 gnomes
  2 garter snakes
  a gnome zombie
 10 geckos
  5 jackals
  2 foxes
  a kobold
  3 goblins
  a sewer rat
  2 grid bugs
  5 lichens
  8 newts
104 creatures vanquished.

No species were genocided or became extinct.

Game over:
                       ----------
                      /          \
                     /    REST    \
                    /      IN      \
                   /     PEACE      \
                  /                  \
                  |  DrabEmordnilap  |
                  |       0 Au       |
                  |  killed by Ms.   |
                  |  Djombang; the   |
                  |    shopkeeper    |
                  |                  |
                  |       2026       |
                 *|     *  *  *      | *
        _________)/\\_//(\/(/\)/\//\/|_)_______

Goodbye DrabEmordnilap the Healer...

You died in The Gnomish Mines on dungeon level 7 with 1578 points,
and 0 pieces of gold, after 4814 moves.
You were level 5 with a maximum of 41 hit points when you died.

